Map: Old Sun Temple LE

Players

RipNHammer

  • Race: Terran Terran
  • League: Master
  • Spawn Location: 1:00

Artcs - Winner!

  • Race: Terran Terran
  • League: Grandmaster
  • Spawn Location: 7:00

VOD

Have the link to the VOD?

Description

Time

  • Played on: Sept. 6, 2026, 3:54 p.m.
  • Length: 21:28
Show
View Real Time Build Order
Export as new Build Order

RipNHammer Terran 

Build Orders: Mech 

Get SALT Encoding   

  8  0:00  SCV  
  9  0:12  SCV  
  10  0:24  SCV  
  11  0:36  SCV  
  11  0:40  Supply Depot  
  12  0:49  SCV  
  13  1:02  SCV, Barracks  
  14  1:06  Refinery  
  14  1:14  SCV  
  15  1:18  Refinery  
  15  1:26  SCV  
  16  1:38  SCV  
  17  1:49  Reaper  
  17  1:50  Orbital Command  
  18  2:07  Factory  
  18  2:16  SCV  
  19  2:23  Reaper  
  19  2:28  SCV, Supply Depot  
  21  2:47  Command Center  
  21  2:50  SCV  
  22  3:00  Factory Tech Lab  
  22  3:09  SCV  
  22  3:10  Starport  
  23  3:25  SCV  
  23  3:26  Cyclone  
  27  3:30  Supply Depot  
  27  3:37  SCV  
  28  3:44  Barracks Reactor  
  28  3:50  SCV  
  28  4:03  Orbital Command  
  28  4:05  SCV, Starport Tech Lab  
  28  4:07  Refinery  
  29  4:16  Factory Tech Lab  
  29  4:17  SCV, Banshee  
  29  4:22  Cloaking Field  
  34  4:31  SCV x2  
  34  4:37  Marine x2  
  37  4:43  SCV  
  37  4:44  Siege Tank  
  42  4:45  SCV  
  42  4:54  Supply Depot  
  42  4:55  SCV  
  43  5:03  Banshee  
  43  5:04  SCV  
  46  5:13  Marine x2  
  47  5:15  SCV  
  47  5:17  Refinery  
  48  5:24  Siege Tank, SCV  
  52  5:30  SCV  
  53  5:36  SCV  
  55  5:42  SCV  
  55  5:45  Command Center  
  55  5:49  SCV  
  56  5:54  SCV  
  57  6:01  SCV  
  57  6:03  Factory  
  58  6:05  Supply Depot  
  58  6:24  Supply Depot  
  58  6:26  Factory  
  58  6:27  Siege Tank, SCV x2  
  58  6:31  Marine  
  64  6:39  SCV x2  
  66  6:43  Supply Depot  
  66  6:45  Viking x2  
  70  6:48  Supply Depot  
  70  6:51  SCV  
  70  6:52  SCV  
  72  7:05  Cyclone x2  
  72  7:06  Mag-Field Accelerator  
  72  7:07  Orbital Command  
  75  7:11  Factory  
  75  7:16  SCV x2  
  75  7:21  Factory Tech Lab  
  77  7:23  Viking  
  77  7:26  Refinery  
  77  7:28  SCV x2  
  81  7:40  SCV x2  
  81  7:44  SCV, Cyclone  
  84  7:45  Cyclone, Siege Tank  
  93  7:52  SCV  
  73  8:16  Siege Tank  
  73  8:17  Siege Tank  
  74  8:27  Orbital Command  
  74  8:33  Siege Tank  
  74  8:34  Hellion  
  76  8:41  Liberator  
  79  8:51  SCV x2  
  79  8:55  SCV  
  82  8:57  Siege Tank  
  82  8:58  Factory Tech Lab  
  85  9:03  SCV x2  
  85  9:04  Cyclone  
  85  9:05  Infernal Pre-Igniter  
  85  9:07  SCV  
  91  9:11  Supply Depot  
  91  9:15  Orbital Command, SCV  
  92  9:24  Siege Tank  
  92  9:25  Cyclone  
  97  9:38  Orbital Command  
  78  9:52  SCV x2  
  74  9:59  Cyclone, Siege Tank, Hellion  
  82  10:04  SCV x2  
  82  10:06  SCV  
  85  10:16  SCV x2  
  85  10:18  SCV  
  88  10:26  Siege Tank  
  91  10:28  SCV  
  91  10:30  SCV  
  91  10:40  SCV  
  91  10:42  SCV  
  93  10:48  Cyclone, Siege Tank, Hellion  
  89  10:53  SCV  
  84  11:02  Cyclone  
  76  11:06  SCV  
  76  11:07  Orbital Command  
  76  11:09  Siege Tank  
  80  11:20  Hellion  
  80  11:23  Cyclone  
  80  11:25  SCV  
  86  11:26  Refinery  
  86  11:27  SCV  
  86  11:28  Refinery  
  87  11:34  Siege Tank  
  87  11:37  SCV  
  91  11:42  Hellion x2  
  91  11:44  SCV  
  91  11:55  SCV x2  
  91  11:56  SCV  
  97  12:01  Cyclone  
  97  12:03  Siege Tank, Hellion  
  97  12:07  SCV  
  103  12:09  Supply Depot  
  103  12:11  SCV x2  
  103  12:13  Cyclone  
  108  12:17  Factory  
  108  12:18  Supply Depot  
  108  12:19  SCV  
  108  12:20  Supply Depot  
  109  12:23  SCV x2  
  109  12:25  Engineering Bay  
  109  12:27  Barracks Reactor  
  111  12:31  SCV  
  111  12:32  Supply Depot  
  98  12:55  Command Center, Cyclone  
  98  12:56  Siege Tank, Hellion  
  106  13:08  Siege Tank  
  106  13:09  SCV x2  
  111  13:18  Hellion x2  
  111  13:19  Hellion  
  117  13:21  SCV  
  117  13:26  Armory  
  118  13:28  Hellion x2  
  122  13:40  Cyclone, Hellion, Siege Tank  
  130  13:55  Cyclone, Siege Tank  
  108  14:05  SCV  
  108  14:08  Hellion  
  96  14:12  Cyclone, Siege Tank  
  102  14:17  SCV  
  102  14:18  SCV  
  102  14:20  Hellion  
  106  14:27  Command Center, Cyclone x2  
  106  14:28  Terran Vehicle Weapons Level 1  
  106  14:30  SCV x2, Sensor Tower  
  114  14:33  Orbital Command  
  114  14:37  Hellion  
  116  14:44  Cyclone  
  119  14:48  Missile Turret  
  119  14:49  Cyclone, Hellion  
  119  14:50  SCV  
  119  14:52  Missile Turret  
  125  14:59  Hellion, Cyclone  
  130  15:06  Cyclone  
  128  15:15  Hellion  
  128  15:16  Cyclone  
  133  15:24  SCV  
  134  15:29  Cyclone  
  134  15:31  Siege Tank  
  134  15:34  Hellion  
  122  15:36  Hellion  
  122  15:37  SCV  
  122  15:39  Siege Tank  
  126  15:47  Refinery  
  126  15:52  Refinery  
  126  15:55  Armory  
  126  15:59  Cyclone, Hellion  
  126  16:03  SCV x2  
  133  16:14  Cyclone, Siege Tank  
  139  16:24  Cyclone  
  139  16:25  Hellion  
  144  16:26  SCV x2  
  144  16:31  Siege Tank  
  149  16:33  SCV  
  149  16:39  Missile Turret  
  152  16:40  Hellion  
  152  16:44  Factory  
  152  16:46  Cyclone  
  155  16:50  Siege Tank  
  151  16:59  Missile Turret  
  151  17:01  Cyclone, Hellion  
  151  17:03  Siege Tank  
  152  17:13  Hellion  
  147  17:21  Missile Turret, Supply Depot  
  147  17:24  Siege Tank, Cyclone  
  147  17:28  Refinery  
  152  17:32  SCV  
  152  17:34  Cyclone  
  152  17:35  Hellion  
  152  17:36  Command Center  
  158  17:43  Missile Turret, Siege Tank  
  160  17:45  Missile Turret, Terran Vehicle Weapons Level 2  
  160  17:47  Factory Tech Lab  
  160  17:48  Supply Depot  
  160  17:51  Supply Depot  
  160  17:53  SCV  
  161  18:01  Missile Turret  
  161  18:03  Missile Turret  
  161  18:04  Cyclone  
  153  18:08  Cyclone, Siege Tank  
  153  18:09  Hellion  
  158  18:18  Cyclone  
  158  18:19  Hellion  
  163  18:33  Hellion  
  90  19:22  Planetary Fortress  
  87  19:26  Factory  
  53  20:13  Factory Tech Lab  
  47  20:17  Factory Tech Lab  
  23  20:45  Siege Tank x2  
  26  20:55  Refinery  
  21  21:03  SCV  
  21  21:08  SCV  
Show
View Real Time Build Order
Export as new Build Order

Artcs Terran - Winner!

Build Orders: Reaper Expand 

Get SALT Encoding   

  8  0:00  SCV  
  9  0:12  SCV  
  10  0:24  SCV  
  11  0:34  Supply Depot  
  11  0:36  SCV  
  12  0:49  SCV  
  13  0:57  Barracks  
  13  1:01  SCV  
  14  1:05  Refinery  
  14  1:13  SCV  
  15  1:25  SCV  
  16  1:37  SCV  
  17  1:49  Reaper  
  17  1:50  Orbital Command  
  18  2:02  Command Center  
  18  2:12  Supply Depot  
  18  2:16  SCV  
  18  2:19  Refinery  
  19  2:25  Barracks Reactor  
  19  2:28  SCV  
  20  2:40  SCV  
  21  2:45  Factory  
  21  2:52  SCV  
  22  3:04  SCV  
  22  3:14  Marine x2  
  22  3:16  SCV  
  25  3:29  Hellion  
  25  3:30  Starport  
  25  3:32  Marine x2  
  25  3:33  Orbital Command  
  29  3:38  SCV  
  30  3:50  Marine  
  30  3:53  SCV  
  32  3:57  Factory Tech Lab  
  31  4:03  Marine  
  31  4:04  SCV  
  31  4:09  Marine  
  34  4:11  SCV  
  34  4:16  Cyclone  
  38  4:17  SCV  
  38  4:19  Starport Tech Lab  
  38  4:21  Marine  
  38  4:23  SCV, Supply Depot  
  41  4:28  Marine  
  42  4:31  Bunker  
  42  4:38  Supply Depot  
  42  4:40  Refinery, Interference Matrix  
  42  4:45  SCV x2, Raven  
  45  4:50  Supply Depot  
  46  4:57  Marine x2  
  46  4:59  SCV  
  49  5:06  SCV  
  48  5:13  Siege Tank  
  51  5:14  SCV  
  51  5:18  Marine x2  
  51  5:20  SCV  
  55  5:21  Raven  
  55  5:26  SCV  
  58  5:32  SCV  
  59  5:36  Marine  
  59  5:38  SCV  
  59  5:40  Marine  
  62  5:44  Supply Depot, SCV  
  62  5:45  Siege Tank  
  62  5:48  Command Center  
  66  5:52  Supply Depot  
  66  6:05  Marine x2, SCV x2, Raven  
  70  6:17  SCV x2  
  72  6:20  Engineering Bay  
  72  6:21  Engineering Bay  
  72  6:27  Marine x2, Siege Tank  
  72  6:29  SCV x2  
  79  6:33  Barracks  
  79  6:41  SCV  
  79  6:42  SCV  
  81  6:50  Terran Infantry Weapons Level 1  
  81  6:51  Terran Infantry Armor Level 1, Barracks  
  81  6:54  SCV  
  82  6:55  Refinery  
  82  6:58  SCV  
  81  7:06  SCV  
  82  7:12  Marine, Viking x2, SCV, Siege Tank  
  82  7:15  Orbital Command  
  91  7:18  SCV  
  91  7:22  Stimpack  
  92  7:25  SCV, Supply Depot  
  92  7:26  Supply Depot  
  92  7:30  Marine, SCV  
  92  7:31  Marine  
  92  7:37  SCV  
  93  7:40  SCV  
  93  7:42  Viking  
  94  7:47  Viking  
  95  7:55  SCV  
  85  8:06  Marine x3  
  85  8:07  Siege Tank  
  85  8:08  SCV  
  85  8:12  SCV  
  93  8:16  Missile Turret  
  93  8:18  Orbital Command  
  92  8:20  SCV  
  92  8:23  Barracks, Supply Depot, Marine  
  92  8:24  Barracks, SCV, Marine  
  92  8:25  Supply Depot  
  92  8:26  Marine  
  93  8:32  SCV  
  91  8:35  Medivac  
  91  8:41  SCV  
  91  8:42  Barracks Reactor  
  91  8:43  Barracks Reactor  
  91  8:44  SCV, Marine  
  91  8:46  SCV  
  95  8:48  Armory  
  95  8:53  SCV  
  96  8:56  SCV  
  96  8:57  Siege Tank  
  96  8:58  SCV  
  96  8:59  Missile Turret  
  96  9:02  Marine  
  102  9:05  SCV  
  102  9:07  Missile Turret  
  102  9:08  SCV  
  104  9:12  Barracks Reactor  
  104  9:13  Barracks Reactor  
  104  9:15  SCV  
  105  9:17  SCV, Medivac  
  105  9:18  Medivac  
  105  9:20  Marine, SCV  
  105  9:22  Supply Depot  
  112  9:27  SCV, Marine x2  
  112  9:28  Marine  
  112  9:29  Marine  
  112  9:30  SCV  
  85  9:47  Marine x5  
  85  9:48  Marine, Siege Tank  
  85  9:49  SCV  
  92  9:54  Marine x3  
  92  9:55  Medivac  
  92  9:56  Medivac, SCV  
  92  9:59  SCV  
  97  10:00  Barracks  
  97  10:02  SCV  
  97  10:05  Marine x5, Barracks  
  97  10:06  Refinery  
  103  10:08  Refinery  
  103  10:09  Marine  
  103  10:12  Marine x3  
  107  10:15  Barracks  
  107  10:16  Terran Infantry Weapons Level 2  
  107  10:22  Marine  
  107  10:26  Marine x2  
  107  10:27  Terran Infantry Armor Level 2  
  110  10:32  Marine, Combat Shield  
  110  10:33  Marine  
  112  10:38  Marine  
  107  10:49  Marine x2  
  94  10:50  Marine x2  
  94  10:52  SCV, Marine x6  
  94  10:53  Siege Tank  
  94  10:56  Marine  
  89  10:59  SCV x2  
  89  11:04  SCV  
  90  11:07  Marine x2  
  90  11:10  Marine x3  
  95  11:12  Barracks Reactor  
  95  11:14  Marine  
  95  11:17  Marine x2  
  99  11:19  Barracks Reactor  
  99  11:24  Barracks  
  98  11:26  Marine  
  98  11:27  SCV x2  
  98  11:29  Terran Vehicle Weapons Level 1  
  101  11:39  Marine x5  
  90  11:40  Marine, Marauder  
  90  11:46  Marine x2  
  96  11:47  Siege Tank  
  96  11:50  Marine  
  96  11:51  Concussive Shells  
  97  11:55  Marine x3  
  97  11:56  Medivac x2  
  97  11:57  Marine x3  
  107  12:01  Marauder  
  107  12:03  Marine  
  107  12:05  Marine, Command Center, Barracks Tech Lab  
  107  12:08  Marine  
  111  12:12  SCV, Marine  
  111  12:13  Barracks Tech Lab  
  111  12:14  Supply Depot  
  114  12:15  Marine x2  
  114  12:18  SCV x2  
  114  12:21  Marine  
  119  12:23  Marauder  
  119  12:24  SCV  
  119  12:25  Marine x2  
  119  12:26  Medivac, Marauder  
  107  12:44  Marauder  
  107  12:47  Marine x3, Marauder x2  
  107  12:51  Marine, SCV  
  94  12:59  Siege Tank  
  94  13:00  SCV  
  94  13:02  Marine  
  94  13:04  Marine x3  
  94  13:05  Barracks Tech Lab  
  104  13:06  Marauder  
  104  13:09  Barracks Tech Lab, Marauder x2  
  108  13:18  Marine  
  109  13:20  Medivac  
  113  13:27  Marauder  
  113  13:30  Marauder x2  
  113  13:31  Siege Tank  
  113  13:33  Marine x3  
  113  13:34  Marine x2  
  123  13:35  Marine  
  123  13:39  Marine  
  123  13:40  Marine  
  123  13:43  Marine x2  
  123  13:44  Medivac  
  123  13:48  Marine  
  128  13:51  Marine  
  123  14:00  Marine x5  
  105  14:03  Siege Tank  
  105  14:06  SCV  
  94  14:17  Marine x3  
  94  14:18  Marauder  
  94  14:19  SCV  
  94  14:23  SCV  
  104  14:25  SCV  
  104  14:26  Marine x3  
  104  14:29  Marine  
  109  14:31  Terran Infantry Weapons Level 3  
  109  14:34  Terran Infantry Armor Level 3  
  109  14:36  Siege Tank  
  109  14:46  Marine x2  
  109  14:47  Marauder x3  
  117  14:53  Planetary Fortress  
  114  15:01  Marine  
  114  15:03  Marine  
  114  15:04  Marine x2, Marauder x2  
  122  15:11  Marine  
  122  15:12  Marine x4  
  116  15:16  Marine x2  
  116  15:17  SCV  
  116  15:21  Marine, SCV  
  117  15:22  Marine  
  108  15:30  SCV  
  108  15:32  Marine  
  103  15:36  SCV  
  103  15:40  Marine x2  
  106  15:49  Marine x3  
  110  15:50  Marauder, Siege Tank, Medivac x2  
  110  15:51  SCV  
  110  15:55  Marine  
  110  15:56  Marine  
  122  15:59  Marine  
  122  16:08  SCV  
  122  16:10  SCV, Marine x3  
  122  16:11  Marine  
  128  16:12  Terran Vehicle Weapons Level 2  
  128  16:18  Marine  
  128  16:19  Marine  
  128  16:20  Marine x2  
  128  16:21  Marauder  
  128  16:22  Siege Tank  
  128  16:23  Marine x2  
  128  16:24  Orbital Command  
  140  16:25  SCV  
  140  16:26  Marine  
  140  16:31  SCV  
  142  16:35  SCV  
  142  16:37  Marine  
  142  16:38  Marine x3  
  142  16:39  Marauder  
  148  17:04  Supply Depot x2  
  148  17:05  Supply Depot  
  148  17:07  Marine x2  
  148  17:25  Marine x6, Medivac x2, Siege Tank  
  148  17:26  SCV x3, Marine x4, Marauder x2  
  148  17:28  Refinery  
  172  17:50  Refinery  
  172  18:00  Marine  
  172  18:01  Marine x4, Marauder, SCV  
  172  18:02  Marine  
  172  18:03  Marine  
  172  18:04  Marine  
  172  18:05  Marauder  
  172  18:08  Marauder, Refinery  
  172  18:24  Command Center  
  172  18:28  Marine, Medivac x2, Siege Tank  
  172  18:29  Marauder, Marine x5  
  163  18:35  Marine  
  163  18:36  Marine x3  
  163  18:37  Marauder x2  
  170  18:46  Marine  
  171  18:49  Marauder  
  171  18:50  Marine  
  171  18:51  Marine  
  171  18:52  Marine x2  
  171  18:53  Marauder  
  171  18:55  Marine  
  170  18:59  Marine x2  
  170  19:00  Marine, Siege Tank  
  170  19:01  Marauder, Marine  
  170  19:02  Medivac  
  172  19:04  Marine  
  172  19:05  SCV  
  172  19:08  Marine x2  
  167  19:10  Marine x3  
  157  19:17  Marine x3  
  157  19:18  Medivac  
  159  19:24  Marine  
  155  19:36  Marine  
  156  19:44  Marine x2, Siege Tank  
  156  19:46  Marine  
  156  19:47  Marine  
  156  19:48  Marine  
  156  19:49  Marine  
  156  19:50  Marine  
  156  19:51  Medivac  
  152  19:54  Marine x4  
  152  19:55  Marauder  
  142  20:18  Supply Depot  
  142  20:19  Supply Depot  
  141  20:35  Supply Depot  
  141  20:36  Supply Depot  
  141  20:37  Supply Depot  
  141  20:41  Command Center  
  141  20:42  Marine  
  122  20:56  Command Center, Marine x5  
  130  20:57  Marine x6, Medivac  
  130  20:59  Marine  
  130  21:01  Orbital Command  
  139  21:04  SCV  
Tags
 
Composition
Mech
Matchup
TvT
Race
Terran
Replay Pack
RipNHammer
Spawn Locations
Cross Positions
Add a new tag
Caveats
  • Supply blocks, unpowered buildings, or Contaminate may cause inaccurate times.
  • Supply counts are checked every 10 seconds.